 Dungeon Crawl Stone Soup version 0.29.0-4-gdea44cf6ec (webtiles) character file.

Game seed: 6650120298696727714

213 sanka the Changer (level 5, -2/37 HPs)
             Began as a Barachi Transmuter on Aug 27, 2022.
             Slain by a kobold
             ... wielding a +0 short sword
              (3 damage)
             ... on level 4 of the Dungeon.
             The game lasted 00:04:41 (3287 turns).

sanka the Changer (Barachi Transmuter)              Turns: 3287, Time: 00:04:42

Health: -2/37      AC:  2    Str: 11    XL:     5   Next: 90%
Magic:  6/9        EV: 19    Int: 15    God:
Gold:   127        SH:  0    Dex: 18    Spells: 4/10 levels left

rFire   . . .      SeeInvis .     - Unarmed
rCold   . . .      Faith    .   (shield currently unavailable)
rNeg    . . .      Spirit   .   (body armour currently unavailable)
rPois   x          Reflect  .   (helmet currently unavailable)
rElec   .          Harm     .   (cloak currently unavailable)
rCorr   .          Rampage  .   (gloves currently unavailable)
Will    .....                   (boots currently unavailable)
Stlth   ++........              (no amulet)
HPRegen 0.12/turn               (no ring)
MPRegen 0.11/turn               (no ring)

@: spider-form (expiring)
A: venomous fangs, (amphibious), tiny, (slowness 1), (strong legs 1), +LOS
a: End Transformation


You were on level 4 of the Dungeon.
You were a venomous arachnid creature.
You visited 1 branch of the dungeon, and saw 4 of its levels.

You collected 127 gold pieces.


Innate Abilities, Weirdness & Mutations

You are a venomous arachnid creature.
You have poisonous fangs.
You are tiny and dextrous.
Your spellcasting is less reliable in this form.
Your armour is entirely melded.
You are incapable of wielding weapons or throwing items.
((You are amphibious.))
((You cover ground slowly.))
((You can hop short distances.))
You have an extended range of vision and can be seen from far away.


   Skills:
 - Level 1.2 Fighting
 - Level 2.1 Dodging
 - Level 3.2 Unarmed Combat
 - Level 3.0 Spellcasting
 + Level 5.1 Transmutations
 - Level 3.0 Poison Magic


You had 4 spell levels left.
You knew the following spells:

 Your Spells              Type           Power      Damage    Failure   Level
x - Spider Form           Tmut/Pois      14%        N/A       26%         3
y - Wereblood             Tmut           17%        N/A       12%         2
z - Beastly Appendage     Tmut           34%        N/A       9%          1

Your spell library contained the following spells:

 Spells                   Type           Power      Damage    Failure   Level
 Stone Arrow              Conj/Erth      4%         3d7       73%         3
 Ice Form                 Ice/Tmut       10%        N/A       77%         4
 Animate Armour           Summ/Erth      4%         N/A       97%         4
 Lehudib's Crystal Spear  Conj/Erth      1%         10d2      100%        8

Inventory:

Missiles
 e - 2 throwing nets {=f}
Armour
 a - a +0 robe (melded)
 h - a +2 cloak (melded)
Wands
 v - a wand of charming (1)
Scrolls
 c - a scroll of enchant armour {unknown}
 g - a scroll of vulnerability {unknown}
 i - 4 scrolls of identify {unknown}
 j - 3 scrolls of teleportation {unknown}
 k - a scroll of immolation {unknown}
 l - a scroll of amnesia {unknown}
 m - 2 scrolls of torment {unknown}
 p - a scroll of blinking {unknown}
 q - a scroll of magic mapping {unknown}
 r - a scroll of enchant weapon {unknown}
 s - a scroll of fog {unknown}
 t - a scroll of brand weapon {unknown}
Potions
 b - a potion of lignification {!q}
 d - 3 potions of attraction {unknown}
 f - 5 potions of curing {unknown}
 n - a potion of flight {unknown}
 o - 2 potions of heal wounds {unknown}
 u - a potion of brilliance {unknown}

Dungeon Overview and Level Annotations

Branches:
Dungeon (4/15)
 Temple: D:4-7

Altars:
Uskayaw
The Shining One

Shops:
D:2

* ... .... ........
.... ... ........
......▒.▒▒▒▒▒▒
......▒.....<▒▒
..............▒▒
..........g....▒
.........sK..).▒
..................
...................
.....................
.....................▒
...............>.....▒
.....................▒
.....................▒
..................


You could see a hobgoblin (poisoned) and a kobold.


Message History

Unknown command.
You hit the orc.
The orc is severely wounded.
The orc misses you.
The kobold hits you with a +0 short sword.
* * * LOW HITPOINT WARNING * * *
Unknown command.
You hit the orc.
You kill the orc!
The kobold closely misses you.
Unknown command.
You hit the hobgoblin but do no damage.
The hobgoblin is poisoned.
The hobgoblin misses you. The kobold misses you.
Unknown command.
You barely miss the hobgoblin. The hobgoblin hits you.
* * * LOW HITPOINT WARNING * * *
The kobold misses you.
Unknown command.
You hit the hobgoblin but do no damage. The hobgoblin misses you.
The kobold hits you with a +0 short sword.
* * * LOW HITPOINT WARNING * * *
Unknown command.
You completely miss the hobgoblin. The hobgoblin completely misses you.
The kobold hits you with a +0 short sword.
You die...

Action                   |  1- 3 |  4- 6 || total
-------------------------+-------+-------++-------
Melee: Unarmed           |    74 |   106 ||   180
       Headbutt          |    10 |     7 ||    17
       Kick              |    19 |    15 ||    34
       Punch             |       |     3 ||     3
 Cast: Beastly Appendage |    22 |    11 ||    33
       Spider Form       |     1 |     3 ||     4
       Wereblood         |       |     1 ||     1
 Stab: Sleeping          |     1 |       ||     1
Armor: Robe              |    31 |    38 ||    69
       Skin              |       |     2 ||     2
Dodge: Dodged            |    39 |    97 ||   136

Levels and vault maps discovered:
D:1:      amcnicky_arrival_abandoned_market, layout_basic,
          minmay_misc_feat_room, minmay_stone_trees_large
D:2:      layout_basic, serial_shops, nicolae_square_shop, uniq_natasha
D:3:      layout_loops_cross, lemuel_tele_altar,
          mainiacjoe_overflow_tiny_flanked,
          nicolae_concentric_dashed_squares_mild, uniq_ijyb, uniq_grinder
D:4:      nicolae_BIG_FREAKIN_CUBE, layout_rooms, kennysheep_little_box

Notes
Turn   | Place    | Note
-------+----------+-------------------------------------------
     0 | D:1      | sanka the Barachi Transmuter began the quest for the Orb.
     0 | D:1      | Reached XP level 1. HP: 15/15 MP: 3/3
   232 | D:1      | Reached XP level 2. HP: 18/21 MP: 3/5
   323 | D:1      | Reached skill level 1 in Poison Magic
   607 | D:1      | Reached XP level 3. HP: 22/26 MP: 4/6
   769 | D:1      | Learned a level 2 spell: Wereblood
   773 | D:1      | Learned a level 3 spell: Spider Form
  1087 | D:2      | Reached skill level 3 in Transmutations
  1834 | D:2      | Noticed Natasha
  1841 | D:2      | Killed Natasha
  1842 | D:2      | Reached skill level 3 in Spellcasting
  1842 | D:2      | Reached skill level 2 in Poison Magic
  1842 | D:2      | Reached XP level 4. HP: 32/32 MP: 4/8
  1884 | D:2      | Found Elummich's General Store.
  1915 | D:2      | HP: 2/32 [orc/+0 club (3)]
  2689 | D:3      | Noticed Grinder
  2978 | D:3      | Found a glowing golden altar of the Shining One.
  3083 | D:3      | Noticed Ijyb
  3105 | D:3      | Killed Ijyb
  3106 | D:3      | Reached skill level 4 in Transmutations
  3106 | D:3      | Reached skill level 3 in Poison Magic
  3106 | D:3      | Reached XP level 5. HP: 34/37 MP: 6/9
  3132 | D:3      | Found a hide-covered altar of Uskayaw.
  3261 | D:4      | Noticed a phantom
  3280 | D:4      | Killed a phantom
  3281 | D:4      | Reached skill level 5 in Transmutations
  3286 | D:4      | HP: 1/37 [kobold/+0 short sword (3)]
  3287 | D:4      | Slain by a kobold

Vanquished Creatures
  A phantom (D:4)
  Natasha (D:2)
  Ijyb (D:3)
  2 adders
  A worm (D:2)
  2 dart slugs (D:1)
  6 orcs
  6 endoplasms
  4 giant cockroaches
  5 goblins
  4 hobgoblins
  2 jackals (D:3)
  A quokka (D:2)
  2 ball pythons
  6 bats
  4 frilled lizards
  5 kobolds
  10 rats
63 creatures vanquished.
